 Dungeon Crawl Stone Soup version 0.23-a0-512-g50a8178 (webtiles) character file.

788 emperorscorpion the Ruffian (level 7, -4/102 HPs)
             Began as a Troll Berserker on Dec 4, 2018.
             Was a Believer of Trog.
             Slain by a killer bee (9 damage)
             ... on level 5 of the Dungeon.
             The game lasted 00:04:57 (1274 turns).

emperorscorpion the Ruffian (Troll Berserker)       Turns: 1274, Time: 00:04:58

Health: -4/102     AC:  7    Str: 31    XL:     7   Next: 56%
Magic:  6/6        EV: 11    Int:  3    God:    Trog [**....]
Gold:   69         SH:  0    Dex: 11    Spells: 6/6 levels left

rFire    . . .     SeeInvis .     - Unarmed
rCold    . . .     Gourm    +   (no shield)
rNeg     . . .     Faith    +   a - +1 animal skin
rPois    .         Spirit   .   (helmet restricted)
rElec    .         Reflect  .   f - +0 cloak
rCorr    .         Harm     .   (gloves unavailable)
MR       .....                  (boots unavailable)
Stlth    ..........             m - amulet of faith
HPRegen  0.67/turn              (no ring)
MPRegen  0.10/turn              (no ring)

@: berserking (expiring), lethally poisoned (-4 -> -19), very quick
A: large, unfitting armour, claws 3, fast metabolism 3, gourmand, regeneration
1, shaggy fur 1, tough skin 2
a: Berserk, Trog's Hand, Renounce Religion


You were on level 5 of the Dungeon.
You worshipped Trog.
Trog was pleased with you.
You were very full.

You visited 1 branch of the dungeon, and saw 6 of its levels.

You collected 69 gold pieces.

Inventory:

Hand Weapons
 i - a +0 blowgun
 u - a +1 flail of protection
Missiles
 h - 11 poisoned needles
 o - 5 javelins (quivered)
 r - 3 tomahawks
Armour
 a - a +1 animal skin (worn)
 f - a +0 cloak (worn)
Jewellery
 m - an amulet of faith (around neck)
 q - an uncursed amulet of regeneration {unknown}
Wands
 t - a wand of iceblast (6)
Scrolls
 d - a scroll of fog {unknown}
 g - a scroll of immolation {unknown}
 j - a scroll of remove curse {unknown}
 k - 2 scrolls of identify {unknown}
 p - a scroll of random uselessness {unknown}
Potions
 c - a potion of invisibility {unknown}
 e - 2 potions of lignification {unknown}
 l - 2 potions of flight {unknown}
 n - a potion of resistance {unknown}
Comestibles
 b - 6 rations
 s - 2 chunks of flesh


   Skills:
 + Level 3.6 Fighting
 + Level 4.4 Dodging
 + Level 1.0 Stealth
 + Level 6.7 Unarmed Combat


You had 6 spell levels left.
You didn't know any spells.
Your spell library was empty.

Dungeon Overview and Level Annotations

Branches:
Dungeon (6/15)             Temple (0/1) D:6

Altars:


Innate Abilities, Weirdness & Mutations

You are too large for most types of armour.
You have claws for hands.
Your metabolism is lightning-fast.
You like to eat raw meat.
Your natural rate of healing is unusually fast.
You are covered in fur. (AC +1)
You have very tough skin. (AC +2)


Message History

The killer bee is moderately wounded.
You feel sick. The killer bee stings you!
* * * LOW HITPOINT WARNING * * *
You are more poisoned.
The killer bee poisons you! The gnoll hits you but does no damage.
The killer bee stings you but does no damage.
You completely miss the killer bee.
The killer bee is moderately wounded.
You feel sick.
The killer bee misses you. x2; The killer bee stings you.
* * * LOW HITPOINT WARNING * * *
Unknown command.
You mangle the killer bee!!
You kill the killer bee!
Trog accepts your kill.
Your Stealth skill increases to level 1!
* * * LOW HITPOINT WARNING * * *
You feel sick. The gnoll hits you with a +0 spear!
* * * LOW HITPOINT WARNING * * *
The killer bee stings you!
You die...

# . .# .. # #. ..#
###.## ## #..###>#
#....# .## #.......
.....# ..# ..... ##....#
..#######.#..##.....#
..........##........##
.....#.....###.g.....###
...#...........y@.......
....####.......††)###..#
.##.# #..........#
.##..###..........#
....................
.##..#...............
......†#..........#...
....................##
.#.............#.#.


You could see a killer bee and a gnoll.

Vanquished Creatures
  Menkaure (D:4)
  Edmund (D:4)
  A phantom (D:4)
  An ogre (D:4)
  3 killer bees (D:5)
  A hound (D:4)
  A bullfrog zombie (D:5)
  Crazy Yiuf (D:3)
  An iguana (D:5)
  An orc wizard (D:4)
  A worker ant (D:4)
  2 gnolls
  4 adders
  An adder skeleton (D:4)
  2 dart slugs (D:3)
  2 leopard geckos
  4 orcs
  A bat (D:2)
  5 giant cockroaches
  A quokka (D:5)
  6 frilled lizards
  5 goblins
  4 kobolds
  A rat (D:2)
51 creatures vanquished.

Notes
Turn   | Place    | Note
-------+----------+-------------------------------------------
     0 | D:1      | emperorscorpion the Troll Berserker began the quest for the
                  | Orb.
     0 | D:1      | Reached XP level 1. HP: 22/22 MP: 0/0
   166 | D:1      | Reached XP level 2. HP: 29/29 MP: 1/1
   368 | D:3      | Found a runed door.
   372 | D:3      | Noticed Crazy Yiuf
   375 | D:3      | Killed Crazy Yiuf
   375 | D:3      | Reached XP level 3. HP: 37/37 MP: 2/2
   538 | D:3      | Reached XP level 4. HP: 45/45 MP: 3/3
   699 | D:4      | Noticed a phantom
   740 | D:4      | Killed a phantom
   740 | D:4      | Reached skill level 4 in Unarmed Combat
   740 | D:4      | Reached XP level 5. HP: 35/53 MP: 4/4
   781 | D:4      | Reached ** piety under Trog
   854 | D:4      | Noticed Menkaure
   859 | D:4      | Noticed an ogre
   861 | D:4      | Killed Menkaure
   861 | D:4      | Reached skill level 5 in Unarmed Combat
   861 | D:4      | Reached XP level 6. HP: 10/61 MP: 5/5
   969 | D:5      | Entered Level 5 of the Dungeon
  1047 | D:4      | Reached XP level 7. HP: 67/67 MP: 6/6
  1051 | D:4      | Noticed Edmund
  1062 | D:4      | Killed Edmund
  1062 | D:4      | Reached skill level 6 in Unarmed Combat
  1092 | D:6      | Found a staircase to the Ecumenical Temple.
  1274 | D:5      | Reached skill level 1 in Stealth
  1274 | D:5      | HP: 5/102 [gnoll/+0 spear (8)]
  1274 | D:5      | Slain by a killer bee

Vault maps used:
D:1:      noname_arrival_rooms_in_the_neighbourhood, minmay_misc_feat_roman,
          nrook_uturn
D:2:      first_ration
D:3:      uniq_crazy_yiuf_cottage
D:4:      uniq_edmund, uniq_menkaure
D:5:      uniq_ijyb
D:6:      gammafunk_temple_overflow_statue, tgw_trog,
          minmay_temple_entry_junction, uniq_sigmund

Skill      XL: |  1  2  3  4  5  6  7 |
---------------+----------------------+-----
Fighting       | 3 |  3.6
Dodging        | 3 4 |  4.4
Unarmed Combat | 4 5 6 |  6.7
Stealth        | 1 |  1.0

Action                   |  1- 3 |  4- 6 |  7- 9 || total
-------------------------+-------+-------+-------++-------
Melee: Unarmed           |    57 |    59 |    39 ||   155
       Punch             |     1 |     1 |     2 ||     4
Invok: Berserk           |     2 |     2 |     2 ||     6
  Use: Scroll            |     1 |       |       ||     1
       Potion            |       |       |     1 ||     1
 Stab: Sleeping          |     1 |       |     1 ||     2
       Distracted        |       |     1 |       ||     1
  Eat: Chunk             |    11 |     8 |     3 ||    22
Armor: Animal skin       |    15 |    21 |    17 ||    53
Dodge: Dodged            |    24 |    19 |    45 ||    88

Table legend:
 A = Non-vault XP
 B = Vault XP
 C = Vault XP percentage of total XP
 D = Non-vault monster count
 E = Vault monster count
 F = Vault count percentage of total count
                 A         B        C        D         E       F
            +---------+---------+-------+---------+---------+-------
      Total |     770 |     356 |  31.6 |      48 |       3 |   5.9
            +---------+---------+-------+---------+---------+-------
        D:1 |      22 |       0 |   0.0 |       5 |       0 |   0.0
        D:2 |      14 |       0 |   0.0 |       9 |       0 |   0.0
        D:3 |      32 |      40 |  55.6 |      10 |       1 |   9.1
        D:4 |     399 |     316 |  44.2 |      11 |       2 |  15.4
        D:5 |     303 |       0 |   0.0 |      13 |       0 |   0.0
            +---------+---------+-------+---------+---------+-------
